 Dungeon Crawl Stone Soup version 0.17-a0-1769-g54adf96 (webtiles) character file.

104 ololoev the Poker (level 4, -4/36 HPs)
             Began as a Draconian Skald on Sept 7, 2015.
             Was an Initiate of Nemelex Xobeh.
             Killed by divine providence
             ... invoked by an orc priest
              (8 damage)
             ... on level 3 of the Dungeon.
             The game lasted 00:06:15 (2815 turns).

ololoev the Poker (Draconian Skald)                 Turns: 2815, Time: 00:06:16

Health: -4/36      AC:  6    Str: 15    XL:     4   Next: 52%
Magic:  7/7        EV: 12    Int: 12    God:    Nemelex Xobeh [......]
Gold:   139        SH:  0    Dex: 11    Spells: 2 memorised, 4 levels left

rFire  . . .     SeeInvis .     q - +0 trident
rCold  . . .     Clarity  .     (armour unavailable)
rNeg   . . .     SustAt   .     (no shield)
rPois  x         Gourm    .     (helmet restricted)
rElec  .         Spirit   .     m - +0 cloak
rCorr  .         Warding  .     (no gloves)
rMut   .         Stasis   +     (no boots)
MR     .....                    h - amulet of stasis
Stlth  +.........               (no ring)
                                (no ring)

@: poison vulnerable, not resistant to hostile enchantments, very unstealthy
A: unfitting armour, cold-blooded, AC +5
a: Renounce Religion


Innate Abilities, Weirdness & Mutations

Your plain brown scales are hard (AC +5).
Your body does not fit into most forms of armour.
You are cold-blooded and may be slowed by cold attacks.

Inventory:

Hand weapons
 q - a +0 trident (weapon)
Armour
 m - a +0 cloak (worn)
Jewellery
 h - an amulet of stasis (around neck)
Scrolls
 e - 2 scrolls of identify {unknown}
 f - a scroll of remove curse {unknown}
 g - a scroll of magic mapping {unknown}
 l - a scroll of immolation {unknown}
 n - a scroll of fear {unknown}
 s - a scroll of teleportation {unknown}
Potions
 i - a potion of flight {unknown}
 j - 3 potions of haste {unknown}
 k - a potion of degeneration {unknown}
 o - 2 potions of agility {unknown}
 p - a potion of brilliance {unknown}
Books
 b - a book of Battle

   Spells                             Type                      Level
   a - Infusion                       Charms                       1
   b - Shroud of Golubria             Charms/Translocation         2
   c - Song of Slaying                Charms                       2
   d - Spectral Weapon                Hexes/Charms                 3
   e - Regeneration                   Charms/Necromancy            3
Miscellaneous
 a - a plain deck of summoning
 t - a plain deck of destruction {drawn: 2}
Comestibles
 c - 3 bread rations
 d - 6 fruits
 r - 5 chunks of flesh


   Skills:
 - Level 2.1 Fighting
 + Level 4.8 Polearms
 - Level 1.3 Dodging
 - Level 2.0 Spellcasting
 - Level 2.6 Charms


You had 4 spell levels left.
You knew the following spells:

 Your Spells              Type           Power        Failure   Level  Hunger
a - Infusion              Chrm           #.....       12%         1    ##.....
b - Song of Slaying       Chrm           #.......     14%         2    ###....


You were on level 3 of the Dungeon.
You worshipped Nemelex Xobeh.
Nemelex Xobeh was noncommittal.
You were not hungry.

You visited 1 branch of the dungeon, and saw 3 of its levels.

You collected 139 gold pieces.

#............#
####.......###
#.###.#.#
#.....#.### o #
#.........#
....#.###.....#.###
...K.os.........#
......###ro.....#
o.... #@o..#._# ....
#<...##.##### ...
#....##..)..# ## ..
#....######.# #. .
......######.#####.
###..............##.
#####.............
#..........##.
...........##.

Notes
Turn   | Place    | Note
--------------------------------------------------------------
     0 | D:1      | ololoev the Draconian Skald began the quest for the Orb.
     0 | D:1      | Reached XP level 1. HP: 17/17 MP: 3/3
   246 | D:1      | Reached XP level 2. HP: 15/24 MP: 5/5
   250 | D:1      | Learned a level 2 spell: Song of Slaying
   478 | D:1      | Reached skill level 3 in Polearms
   800 | D:2      | Reached XP level 3. HP: 9/29 MP: 6/6
  1501 | D:2      | Found a shadowy altar of Dithmenos.
  2229 | D:3      | Reached skill level 4 in Polearms
  2613 | D:3      | Found a sparkling altar of Nemelex Xobeh.
  2619 | D:3      | Became a worshipper of Nemelex Xobeh the Trickster
  2637 | D:3      | Reached XP level 4. HP: 33/36 MP: 0/7
  2746 | D:3      | Received a gift from Nemelex Xobeh
  2815 | D:3      | Killed from afar by an orc priest

Dungeon Overview and Level Annotations

Branches:
Dungeon (3/15)

Altars:
Dithmenos
Nemelex Xobeh


Message History

Your song is almost over.
The orc priest hits you with a club. The rat closely misses you.
The orc priest hits you with a dagger.
You hit the orc priest.
You kill the orc priest!
The rat misses you. The rat bites you.
Evoke which item? (* to show all) (? for menu, Esc to quit)
You draw a card...
It is Pain.
You have drawn Pain.
Press: ? - help, Shift-Dir - straight line, f - orc priest
Aim: an orc priest, wielding a club The orc priest resists with some effort.
The orc priest calls down the wrath of Beogh upon you.
You barely resist. The orc hits you with a flail.
The rat completely misses you.
Evoke which item? (* to show all) (? for menu, Esc to quit)
You draw a card...
It is Venom.
You have drawn Venom.
Press: ? - help, Shift-Dir - straight line, f/p - orc priest
Aim: an orc priest, wielding a club The bolt of poison hits the orc priest.
The orc priest is poisoned.
The orc priest is severely wounded.
Releasing that poison leaves you vulnerable to poison.
The orc priest closely misses you. The orc misses you.
The rat bites you but does no damage.
You closely miss the orc priest.
The orc priest is severely wounded.
The orc priest hits you with a club. The orc closely misses you.
The rat bites you but does no damage.
You barely miss the orc priest.
The orc priest is almost dead.
The orc priest looks braver for a moment.
The orc hits you with a flail! The rat bites you.
You barely miss the orc priest.
The orc priest is almost dead.
Your song has ended.
The orc priest invokes the aid of Beogh against you.
Something smites you!
You die...
Your body disappears without a glow.

You could see an orc priest, an orc and a rat.

Vanquished Creatures
  An orc priest (D:3)
  An adder (D:2)
  A worm (D:2)
  A giant gecko (D:3)
  8 orcs
  2 bats
  9 hobgoblins
  4 kobolds
  A ball python (D:2)
  4 giant cockroaches
  3 giant newts
  10 goblins
  7 rats
52 creatures vanquished.

Action                   |  1- 3 |  4- 6 || total
-------------------------+-------+-------++-------
Melee: Spear             |   154 |       ||   154
       Trident           |    13 |    25 ||    38
 Cast: Infusion          |     4 |       ||     4
       Song of Slaying   |     2 |     1 ||     3
Evoke: Deck              |       |     2 ||     2
 Stab: Sleeping          |     2 |       ||     2
  Eat: Chunk             |     5 |     1 ||     6

Vault maps used:
D:1:      dpeg_arrival_long_road, grunt_decor_arrowhead
D:2:      nicolae_dithmenos_through_a_glass_darkly, first_bread,
          kennysheep_doodads
D:3:      nemelex_deck
